 Dungeon Crawl Stone Soup version 0.30-b1-2-g02819fbbbe (webtiles) character file.

Game seed: 17923233970295426580

147 Arcadio the Trooper (level 5, -5/34 HPs)
             Began as a Gargoyle Cinder Acolyte on May 15, 2023.
             Was a High Priest of Ignis.
             Killed by divine providence
             ... invoked by an orc priest
              (9 damage)
             ... on level 3 of the Dungeon.
             The game lasted 00:03:15 (2034 turns).

Arcadio the Trooper (Gargoyle Cinder Acolyte)       Turns: 2034, Time: 00:03:16

Health: -5/34      AC: 10    Str: 20    XL:     5   Next: 29%
Magic:  6/6        EV: 10    Int: 14    God:    Ignis [*****.]
Gold:   141        SH:  0    Dex:  5    Spells: 6/6 levels left

rFire   + . .        a - -1 mace (flame)
rCold   . . .        (no shield)
rNeg    + . .        m - +0 ring mail
rPois   ∞            (no helmet)
rElec   +            (no cloak)
rCorr   .            d - +0 pair of gloves
SInv    .            (no boots)
Will    .....        c - amulet of magic regeneration Stlth
                     (no ring)
HPRegen 0.25/turn    (no ring)
MPRegen 0.50/turn

%: no passive effects
@: no status effects
A: sickness immunity, AC +4, negative energy resistance 1, electricity
resistance, torment resistance 1, petrification resistance
a: Renounce Religion, Fiery Armour, Foxfire Swarm, Rising Flame


You were on level 3 of the Dungeon.
You worshipped Ignis.
Ignis was extremely pleased with you.
You visited 1 branch of the dungeon, and saw 3 of its levels.

You collected 141 gold pieces.

Inventory:

Hand Weapons
 a - a -1 mace of flaming (weapon)
Armour
 b - a +0 robe
 d - a +0 pair of gloves (worn)
 m - a +0 ring mail (worn)
Jewellery
 c - an amulet of magic regeneration (around neck)
Wands
 j - a wand of roots (4)
Scrolls
 g - a scroll of enchant armour {unknown}
 h - a scroll of summoning {unknown}
 i - a scroll of immolation {unknown}
 k - a scroll of fear {unknown}
 n - a scroll of blinking {unknown}
Potions
 e - a potion of heal wounds
 f - a potion of might
 l - a potion of degeneration
 o - a potion of lignification {unknown}
 p - a potion of flight {unknown}


   Skills:
 + Level 4.5 Fighting
 + Level 4.1 Maces & Flails
 + Level 2.8 Armour
 - Level 1.0 Spellcasting
 - Level 3.0 Fire Magic


You had 6 spell levels left.
You didn't know any spells.
Your spell library contained the following spells:

 Spells                   Type           Power      Damage    Failure   Level
 Scorch                   Fire           18%        2d5       19%         2
 Foxfire                  Conj/Fire      16%        2x1d4     24%         1
 Static Discharge         Conj/Air       0%         2-2/arc   54%         2
 Airstrike                Air            0%         2d(0-16)  99%         4
 Anguish                  Hex/Necr       0%         N/A       99%         4
 Summon Lightning Spire   Summ/Air       0%         N/A       99%         4
 Enfeeble                 Hex            0%         N/A       100%        7


Dungeon Overview and Level Annotations

Branches:
Dungeon (3/15) Zot: 15920

Altars:

Annotations:
D:3 3 runed translucent doors, Suckerboh's ghost, weakling MiFi


Innate Abilities, Weirdness & Mutations

You are immune to sickness and miasma.
Your stone body is resilient. (AC +4)
You are immune to poison.
You resist negative energy. (rN+)
You are resistant to electric shocks. (rElec)
You are resistant to unholy torment.
You are immune to petrification.


Message History

The hound barely misses you.
The orc priest looks satisfied for a moment.
The hound attacks as you move away! The hound bites you but does no damage.
The hound closely misses you. The hound attacks as you move away!
The hound bites you but does no damage. The hound attacks as you move away!
The hound closely misses you. The hound bites you.
The hound attacks as you move away! The hound completely misses you.
The hound bites you.
The orc priest calls down the wrath of Beogh upon you.
Beogh smites you! The hound closely misses you.
The hound bites you but does no damage. The hound attacks as you move away!
The hound bites you. The hound barely misses you. The hound bites you.
The orc unwields a +0 short sword.
The orc wields a +0 sling.
The orc shoots a sling bullet.
The sling bullet hits you.
* * * LOW HITPOINT WARNING * * *
The hound attacks as you move away! The hound bites you but does no damage.
The orc throws a boomerang.
The boomerang hits you but does no damage.
The orc shoots a sling bullet.
The sling bullet hits you but does no damage.
The hound closely misses you.
The orc priest casts a cantrip, but nothing happens.
The hound attacks as you move away! The hound closely misses you.
The orc shoots a sling bullet.
The sling bullet hits you but does no damage.
The hound attacks as you move away! The hound bites you but does no damage.
The orc shoots a sling bullet.
The sling bullet hits you.
* * * LOW HITPOINT WARNING * * *
The hound bites you but does no damage. The hound attacks as you move away!
The hound bites you but does no damage.
The orc shoots a sling bullet.
The sling bullet barely misses you.
There is a stone staircase leading up here.
The hound barely misses you. The hound bites you but does no damage.
The orc priest mumbles some strange prayers to Beogh against you.
Beogh smites you!
You die...

.....####.....###
#....#### ....##
##.##...# #....##
..... #.o.##.###
#.#...## .....
###.o....### #.##...#
....
#.o......####†###†.#
...
#........#......#..###
#...............#....#
#....h..........#....#
#....@...#......#....#
#...............#....#
#........#......#....#
#........#.>....#....#
##########...<..#....#
##....######....#
#..#### ###### ####


You could see a hound, an orc priest and 2 orcs.

Vanquished Creatures
  An iguana (D:3)
  An orc wizard (D:2)
  5 adders
  A worm (D:3)
  5 orcs
  3 endoplasms
  4 giant cockroaches
  4 goblins
  5 hobgoblins
  4 jackals (D:2)
  A quokka (D:2)
  4 ball pythons
  3 bats
  6 rats
47 creatures vanquished.

Notes
Turn   | Place    | Note
-------+----------+-------------------------------------------
     0 | D:1      | Arcadio the Gargoyle Cinder Acolyte began the quest for the
                  | Orb.
     0 | D:1      | Reached XP level 1. HP: 14/14 MP: 2/2
   316 | D:1      | Reached XP level 2. HP: 19/19 MP: 3/3
   337 | D:1      | Reached skill level 1 in Armour
   898 | D:2      | Found a faded altar of an unknown god.
   916 | D:2      | Got Plato's Octavo of Pyromancy
  1028 | D:2      | Reached XP level 3. HP: 20/24 MP: 4/4
  1296 | D:2      | Reached XP level 4. HP: 23/29 MP: 5/5
  1865 | D:3      | Found a runed translucent gate.
  1865 | D:3      | Noticed Suckerboh's ghost (weakling MiFi)
  1866 | D:3      | Found a runed translucent gate.
  1866 | D:3      | Identified the +0 short sword "Killer Bee's Regret" {pain,
                  | Will+}
  1866 | D:3      | Identified the +6 scale mail of Inference {Int+5}
  1867 | D:3      | Found a runed translucent gate.
  1957 | D:3      | Reached XP level 5. HP: 28/34 MP: 6/6
  2034 | D:3      | Killed from afar by an orc priest

Illustrated notes

Levels and vault maps discovered:
D:1:      minmay_arrival_four_houses, layout_basic,
          chequers_serial_rivers_micro_d, minmay_ruptured
D:2:      layout_loops_corners, shapermc_ecumenical_altar_rom_forum
D:3:      layout_rooms, biasface_ghost_orc_armoury

Skill      XL: |  1  2  3  4 |
---------------+-------------+-----
Armour         | 1 2 |  2.8
Fighting       | 4 |  4.5
Maces & Flails | 4 |  4.1
Spellcasting   | |  1.0
Fire Magic     | |  3.0

Action                     |  1- 3 |  4- 6 || total
---------------------------+-------+-------++-------
  Melee: Mace              |   125 |    74 ||   199
         Punch             |     2 |     1 ||     3
    Use: Scroll            |       |     3 ||     3
 Armour: Robe              |    34 |       ||    34
         Ring mail         |    37 |    51 ||    88
         Skin              |     1 |       ||     1
  Dodge: Dodged            |    83 |    62 ||   145
